 Dungeon Crawl Stone Soup version 0.27-a0-1548-gf8a67e7463 (webtiles) character file.

Game seed: 5468012351858562589

3 elagabalus the Skirmisher (level 1, 8/18 HPs)
             Began as a Demonspawn Abyssal Knight on July 13, 2021.
             Was an Initiate of Lugonu.
             Quit the game on level 1 of the Dungeon.
             The game lasted 00:02:03 (59 turns).

elagabalus the Skirmisher (Demonspawn Abyssal Knight) Turns: 59, Time: 00:02:03

Health: 8/18       AC:  3    Str: 12    XL:     1   Next: 41%
Magic:  2/2        EV: 11    Int: 13    God:    Lugonu [......]
Gold:   9          SH:  0    Dex: 12    Spells: 0/0 levels left

rFire    . . .     SeeInvis .   a - +1 mace
rCold    . . .     Faith    .   (no shield)
rNeg     . . .     Spirit   .   b - +0 leather armour
rPois    .         Reflect  .   (no helmet)
rElec    .         Harm     .   (no cloak)
rCorr    .         Rampage  .   (no gloves)
Will     .....                  (no boots)
Stlth    +.........             (no amulet)
HPRegen  0.06/turn              (no ring)
MPRegen  0.08/turn              (no ring)

@: no status effects
A: no striking features
a: Renounce Religion


You were on level 1 of the Dungeon.
You worshipped Lugonu.
Lugonu was noncommittal.
You visited 1 branch of the dungeon, and saw 1 of its levels.
You visited the Abyss 1 time.

You collected 9 gold pieces.

Inventory:

Hand Weapons
 a - a +1 mace (weapon)
Armour
 b - a +0 leather armour (worn)
Potions
 c - a potion of lignification {unknown}


   Skills:
 + Level 3.2 Fighting
 + Level 1.8 Maces & Flails
 + Level 1.7 Armour
 + Level 0.8 Dodging
 + Level 2.4 Invocations


You couldn't memorise any spells.
You didn't know any spells.
Your spell library was empty.

Dungeon Overview and Level Annotations

Branches:
Dungeon (1/15)

Altars:


Message History

The ball python bites you. The ball python constricts you.
The ball python barely misses you. The ball python constricts you.
You barely miss the bat. The bat hits you.
The goblin hits you but does no damage.
The ball python bites you but does no damage.
The ball python constricts you.
You closely miss the bat. The bat barely misses you.
The ball python bites you but does no damage.
The ball python constricts you. The goblin barely misses you.
The bat hits you but does no damage.
The ball python bites you but does no damage.
The ball python constricts you. The goblin hits you but does no damage.
You hit the bat.
You kill the bat!
Lugonu accepts your kill. The ball python misses you.
The ball python constricts you. The goblin hits you with a +0 club.
The ball python bites you but does no damage.
The ball python constricts you.
You hit the ball python.
The ball python is severely wounded.
The goblin hits you but does no damage. The ball python bites you.
The ball python constricts you.
You hit the ball python.
You kill the ball python!
Lugonu accepts your kill. The goblin misses you.
The goblin hits you with a +0 club.
You hit the goblin.
The goblin is moderately wounded.
The goblin hits you but does no damage.
You hit the goblin.
The goblin is severely wounded.
The goblin barely misses you.
You hit the goblin.
You kill the goblin!
Lugonu accepts your kill.
A hobgoblin comes into view.
You see here 9 gold pieces.
You now have 9 gold pieces.
Are you sure you want to abandon this character and quit the game? (Confirm with "yes".)

......##.......
#..........."# .....
#............##.....
...................
...............g..
.......<........#
......>.........##..
....................
............@.......
#.........)..##.....
#............# ...
......##.........# .
...... #.........#
................# ..
.......#.....
#..........####
#....>...###


You could see a hobgoblin.

Vanquished Creatures
  A goblin (D:1)
  A ball python (D:1)
  A bat (D:1)
  A rat (D:1)
4 creatures vanquished.

Notes
Turn   | Place    | Note
-------+----------+-------------------------------------------
     0 | Abyss:1  | elagabalus the Demonspawn Abyssal Knight began the quest
                  | for the Orb.
     0 | Abyss:1  | Reached XP level 1. HP: 18/18 MP: 2/2
    35 | Abyss:1  | Noticed a worldbinder
    36 | D:1      | Escaped the Abyss
    59 | D:1      | Quit the game

Illustrated notes

Levels and vault maps discovered:
D:1:      dpeg_arrival_stonehenge_8_columns, layout_rooms,
          basic_ecumenical_altar

Action                   || total
-------------------------++-------
Melee: Mace              ||    11
Invok: Depart the Abyss  ||     1
Armor: Leather armour    ||    14
Dodge: Dodged            ||    10

Table legend: (Time is in decaauts)
 A = Elapsed time spent in this place.
 B = Non-inter-level travel time spent in this place.
 C = Inter-level travel time spent in this place.
 D = Time resting spent in this place.
 E = Time spent auto-exploring this place.
 F = Levels seen in this place.
 G = Mean time per level.
                   A        B        C        D        E       F      G
               +--------+--------+--------+--------+--------+-----+--------+
         Total |     62 |     59 |      3 |      0 |      0 |   2 |   31.0 |
       Dungeon |     26 |     23 |      3 |      0 |      0 |   1 |   26.0 |
         Abyss |     36 |     36 |      0 |      0 |      0 |   1 |   36.0 |
               +--------+--------+--------+--------+--------+-----+--------+

Top non-repeatable levels by time:
 Abyss:1: 36 daAuts
     D:1: 26 daAuts
